[Event "Titled Tuesday Blitz February 14 Early 2023"]
[White "Sjugirov, Sanan"]
[Black "Barp, Alberto"]
[WhiteFideId "4189302"]
[BlackFideId "872555"]
[WhiteElo "2712"]
[BlackElo "2432"]
[Result "1-0"]
[Round "08"]
[TimeControl "180+2"]
[Date "2023.02.14"]
[WhiteClock "0:00:06"]
[BlackClock "0:00:14"]

1. d4 Nf6 2. c4 e6 3. Nf3 d5 4. Nc3 h6 5. Bf4 Bd6 6. Bg3 O-O 7. e3 c5 8. dxc5 Bxc5 9. cxd5 Nxd5 10. Nxd5 exd5 11. a3 Nc6 12. Bd3 d4 13. e4 Be6 14. O-O a5 15. Nd2 f6 16. Rc1 Be7 17. Qa4 Ne5 18. Bxe5 fxe5 19. Bc4 Bxc4 20. Nxc4 Bf6 21. Qb5 Qe7 22. Nb6 Rad8 23. Nd5 Qf7 24. Rc7 Qg6 25. f3 Bg5 26. Rd1 Kh8 27. Kh1 Qh5 28. Qd3 Rf7 29. Rxf7 Qxf7 30. Qc2 Qd7 31. a4 Rc8 32. Qb3 Rc5 33. Qb6 Qc6 34. Qxc6 bxc6 35. Nb6 d3 36. b3 Rc1 37. Rxc1 Bxc1 38. Nc4 d2 39. Ne3 Ba3 40. Nd1 Bc5 41. g3 g5 42. Kg2 Kg7 43. Kf1 Bb4 44. Ke2 Kf6 45. Ne3 h5 46. h3 Ke6 47. Nc4 g4 48. fxg4 hxg4 49. hxg4 Kf6 50. Nxd2 Kg5 51. Nf3+ Kxg4 52. Nxe5+ Kxg3 53. Nxc6 Bc3 54. Kd3 Be1 55. e5 Kf4 56. e6 Bh4 57. e7 Bxe7 58. Nxe7 Ke5 59. Nc6+ 1-0


[Site "https://www.chess.com"]

[Event "Titled Tuesday Blitz February 14 Early 2023"]
[White "Timofeev, Artyom"]
[Black "Wagh Suyog"]
[WhiteFideId "4140419"]
[BlackFideId "25071688"]
[WhiteElo "2567"]
[BlackElo "2313"]
[Result "0-1"]
[Round "08"]
[TimeControl "180+2"]
[Date "2023.02.14"]
[WhiteClock "0:00:16"]
[BlackClock "0:01:13"]

1. e4 c6 2. d4 d5 3. exd5 cxd5 4. c4 Nf6 5. Nc3 e6 6. Nf3 Bb4 7. Bd3 dxc4 8. Bxc4 Nc6 9. O-O O-O 10. Bg5 b6 11. Qd3 h6 12. Bxf6 Qxf6 13. Ne4 Qf4 14. g3 Qb8 15. Rac1 Bb7 16. Rfd1 Rd8 17. Qe3 Ne7 18. a3 Nf5 19. Qe2 Bf8 20. Ba6 Rd7 21. Ne5 Rxd4 22. Bxb7 Qxb7 23. Nc6 Rxd1+ 24. Qxd1 Rc8 25. Qf3 Nd4 26. Nf6+ gxf6 27. Qg4+ Kh8 28. Qxd4 Rxc6 29. Qxf6+ Kg8 30. Rd1 Rc8 31. Qf4 Qe7 32. Qg4+ Qg5 33. Qf3 Rc1 34. Kg2 Rxd1 35. Qxd1 Qd5+ 36. Qxd5 exd5 0-1


[Site "https://www.chess.com"]

[Event "Titled Tuesday Blitz February 14 Early 2023"]
[White "Bharath Subramaniyam H"]
[Black "Parkhov, Yair"]
[WhiteFideId "46634827"]
[BlackFideId "2813408"]
[WhiteElo "2517"]
[BlackElo "2505"]
[Result "1-0"]
[Round "08"]
[TimeControl "180+2"]
[Date "2023.02.14"]
[WhiteClock "0:01:17"]
[BlackClock "0:00:23"]

1. e4 e6 2. d4 d5 3. Nc3 Bb4 4. exd5 exd5 5. Bd3 c5 6. a3 Bxc3+ 7. bxc3 c4 8. Be2 Ne7 9. Nf3 O-O 10. O-O Nbc6 11. a4 Re8 12. Ne5 Ng6 13. f4 f6 14. Nxc6 bxc6 15. f5 Nf8 16. Ba3 Bd7 17. Bh5 Re4 18. Qd2 Qc7 19. Bf3 Bxf5 20. Bxe4 Bxe4 21. Rab1 Ng6 22. Qe3 Re8 23. Qg3 Qc8 24. Bd6 Qe6 25. Rb8 h5 26. Rxe8+ Qxe8 27. Bc5 h4 28. Qe3 Qd7 29. h3 Kh7 30. Rb1 Qf5 31. Qf2 Qg5 32. Bd6 a5 33. Bc7 Bxc2 34. Qxc2 Qe3+ 35. Kh1 f5 36. Qxf5 1-0


[Site "https://www.chess.com"]

[Event "Titled Tuesday Blitz February 14 Early 2023"]
[White "Zahid, Sanatan"]
[Black "Sarana, Alexey"]
[WhiteFideId "10201963"]
[BlackFideId "24133795"]
[WhiteElo "1930"]
[BlackElo "2685"]
[Result "0-1"]
[Round "08"]
[TimeControl "180+2"]
[Date "2023.02.14"]
[WhiteClock "0:00:04"]
[BlackClock "0:00:07"]

1. d4 Nf6 2. Nc3 d5 3. Bf4 a6 4. e3 c5 5. dxc5 e6 6. Na4 Nbd7 7. Nf3 Nxc5 8. Nxc5 Bxc5 9. Bd3 Qb6 10. Qb1 Bd6 11. c3 Bxf4 12. exf4 Bd7 13. O-O Bb5 14. Bxb5+ Qxb5 15. Nd4 Qb6 16. Re1 O-O 17. Re2 g6 18. Qd3 Kg7 19. Rae1 Qd6 20. Qf3 b5 21. a3 Ne4 22. Qe3 Rfe8 23. h4 h5 24. Nf3 Nf6 25. Qd4 Rac8 26. Ne5 Qc5 27. Qd3 Ne4 28. Re3 a5 29. b4 Qxc3 30. Qxb5 Qd2 31. R1e2 Qc1+ 32. Re1 Qb2 33. R1e2 Qa1+ 34. Kh2 Re7 35. Re1 Rc1 36. Rxc1 Qxc1 37. Rf3 axb4 38. Qxb4 Rc7 39. Qd4 Kh7 40. f5 exf5 41. Qxd5 Nd2 42. Rd3 Nf1+ 43. Kh3 Qf4 44. g3 Qxf2 45. Qg2 Rc2 46. Qxf2 Rxf2 47. Nf3 f6 48. a4 Kh6 49. a5 g5 50. hxg5+ fxg5 51. Rd6+ Kg7 52. Rd7+ Kf6 53. Rd6+ Ke7 54. Rd3 g4+ 55. Kh4 gxf3 56. Kxh5 Kf6 57. Rd6+ Ke5 58. Ra6 Ra2 59. Kg5 Nxg3 60. Rf6 Ne4+ 61. Kg6 Nxf6 0-1


[Site "https://www.chess.com"]

[Event "Titled Tuesday Blitz February 14 Early 2023"]
[White "Paravyan, David"]
[Black "Movahed, Sina"]
[WhiteFideId "4194985"]
[BlackFideId "42520835"]
[WhiteElo "2601"]
[BlackElo "2340"]
[Result "0-1"]
[Round "08"]
[TimeControl "180+2"]
[Date "2023.02.14"]
[WhiteClock "0:00:02"]
[BlackClock "0:01:14"]

1. e4 c5 2. Nf3 d6 3. d4 cxd4 4. Nxd4 Nf6 5. Nc3 a6 6. Bg5 e6 7. f4 Be7 8. Qe2 h6 9. Bxf6 Bxf6 10. O-O-O Qc7 11. g3 Nc6 12. Nxc6 bxc6 13. e5 dxe5 14. Ne4 Be7 15. fxe5 Qxe5 16. Bg2 O-O 17. Rhe1 Rb8 18. c3 Qa5 19. Qc4 e5 20. a3 Bxa3 21. bxa3 Qxa3+ 22. Kd2 Qb2+ 23. Ke3 Qxg2 24. Rd2 Qh3 25. Qc5 Be6 26. Ra1 f5 27. Nf2 f4+ 28. Ke2 Qh5+ 29. Ke1 Qxh2 0-1


[Site "https://www.chess.com"]

[Event "Titled Tuesday Blitz February 14 Early 2023"]
[White "Bortnyk, Olexandr"]
[Black "Tanenbaum, Zachary"]
[WhiteFideId "14120828"]
[BlackFideId "2060850"]
[WhiteElo "2605"]
[BlackElo "2261"]
[Result "1-0"]
[Round "08"]
[TimeControl "180+2"]
[Date "2023.02.14"]
[WhiteClock "0:02:06"]
[BlackClock "0:00:40"]

1. d4 d5 2. Nc3 Nf6 3. Bf4 a6 4. e3 Bf5 5. Nf3 e6 6. Ne5 Nfd7 7. g4 Bg6 8. h4 Nxe5 9. h5 Bxc2 10. Qxc2 Nxg4 11. Bh3 Nf6 12. h6 gxh6 13. O-O-O Nbd7 14. Kb1 c6 15. e4 dxe4 16. Nxe4 Nxe4 17. Qxe4 Qf6 18. Ka1 Qg6 19. Qf3 Nf6 20. Be5 Be7 21. Rdg1 Qe4 22. Qxe4 Nxe4 23. Bxh8 Nxf2 24. Rh2 Nxh3 25. Rg8+ Bf8 26. Rxh3 O-O-O 27. Bf6 Re8 28. Bg7 1-0


[Site "https://www.chess.com"]

[Event "Titled Tuesday Blitz February 14 Early 2023"]
[White "Tan, Zhongyi"]
[Black "Narayanan.S.L"]
[WhiteFideId "8603642"]
[BlackFideId "5058422"]
[WhiteElo "2517"]
[BlackElo "2660"]
[Result "1-0"]
[Round "08"]
[TimeControl "180+2"]
[Date "2023.02.14"]
[WhiteClock "0:00:19"]
[BlackClock "0:00:51"]

1. c4 e6 2. g3 d5 3. Bg2 Ne7 4. b3 d4 5. Bb2 e5 6. e3 Nbc6 7. f4 dxe3 8. dxe3 Qxd1+ 9. Kxd1 Bg4+ 10. Kc1 O-O-O 11. Nf3 exf4 12. exf4 Nf5 13. Ng5 Bc5 14. Bxc6 bxc6 15. Nxf7 Be3+ 16. Kc2 Bf3 17. Nc3 Rd2+ 18. Kb1 Bxh1 19. Nxh8 Nd4 20. Bc1 Rd3 21. Bxe3 Rxe3 22. Kb2 Bf3 23. Nf7 Bh5 24. Ne5 c5 25. Rf1 g5 26. Rf2 c6 27. Na4 gxf4 28. gxf4 Ne6 29. Nxc6 Kc7 30. Nxa7 Be8 31. f5 Bxa4 32. fxe6 Be8 33. Nb5+ Kb6 34. Nd6 Bg6 35. e7 Ka5 36. e8=Q Bxe8 37. Nxe8 Rxe8 38. Ka3 Re5 39. Rf6 Rh5 40. Rc6 Re5 41. Rxc5+ Rxc5 42. b4+ 1-0


[Site "https://www.chess.com"]

[Event "Titled Tuesday Blitz February 14 Early 2023"]
[White "Dragnev, Valentin"]
[Black "Makhnev, Denis"]
[WhiteFideId "1634852"]
[BlackFideId "13707647"]
[WhiteElo "2593"]
[BlackElo "2483"]
[Result "0-1"]
[Round "08"]
[TimeControl "180+2"]
[Date "2023.02.14"]
[WhiteClock "0:00:07"]
[BlackClock "0:00:05"]

1. e4 e5 2. Nf3 Nc6 3. Nc3 Nf6 4. d4 exd4 5. Nxd4 Bb4 6. Nxc6 bxc6 7. Bd3 d5 8. exd5 O-O 9. O-O cxd5 10. Bf4 c6 11. h3 Bd6 12. Qf3 Rb8 13. b3 Rb4 14. Ne2 Bxf4 15. Nxf4 Qd6 16. Ne2 a5 17. Rad1 Re8 18. Rfe1 Bd7 19. Qg3 Qxg3 20. fxg3 h5 21. Nc3 c5 22. Rxe8+ Bxe8 23. Re1 Kf8 24. Re5 Bc6 25. a4 g6 26. Bb5 Bb7 27. Kf2 h4 28. gxh4 Rxh4 29. Bd3 d4 30. Ne2 Nd7 31. Rg5 Bc6 32. Kg3 Rh8 33. Nf4 Ke7 34. Bb5 Bxb5 35. axb5 Rb8 36. b6 Kd6 37. h4 Rxb6 38. h5 gxh5 39. Rxh5 a4 40. bxa4 Rb2 41. Rh6+ f6 42. Rh8 Rxc2 43. a5 Ra2 44. Ra8 c4 45. Ra6+ Ke5 46. Ra7 Nc5 47. Ng6+ Ke4 48. Rc7 Nd3 49. Rxc4 Rxa5 50. Nh4 Rg5+ 51. Kh3 Nf4+ 52. Kh2 Rh5 53. g3 Ng6 54. Rc1 Nxh4 55. gxh4 Rxh4+ 56. Kg3 Rh5 57. Re1+ Kd3 58. Kg4 Re5 59. Kf4 Rxe1 0-1


[Site "https://www.chess.com"]

[Event "Titled Tuesday Blitz February 14 Early 2023"]
[White "Van Foreest, Jorden"]
[Black "Ozates, Tuna"]
[WhiteFideId "1039784"]
[BlackFideId "6354521"]
[WhiteElo "2689"]
[BlackElo "2251"]
[Result "1-0"]
[Round "08"]
[TimeControl "180+2"]
[Date "2023.02.14"]
[WhiteClock "0:03:01"]
[BlackClock "0:00:42"]

1. Nf3 c5 2. b3 Nc6 3. Bb2 d6 4. e3 e5 5. d4 cxd4 6. exd4 e4 7. d5 exf3 8. dxc6 Qe7+ 9. Kd2 Qg5+ 10. Ke1 fxg2 11. Qe2+ Be7 12. Rg1 gxf1=Q+ 13. Qxf1 Qd5 14. Bxg7 Nf6 15. Bxh8 Qe5+ 16. Qe2 Qxa1 17. Bxf6 Qxb1+ 18. Kd2 1-0


[Site "https://www.chess.com"]

[Event "Titled Tuesday Blitz February 14 Early 2023"]
[White "Jaracz, Pawel"]
[Black "Sychev, Klementy"]
[WhiteFideId "1102222"]
[BlackFideId "4114060"]
[WhiteElo "2467"]
[BlackElo "2547"]
[Result "0-1"]
[Round "08"]
[TimeControl "180+2"]
[Date "2023.02.14"]
[WhiteClock "0:00:07"]
[BlackClock "0:00:12"]

1. e4 e5 2. Nf3 Nc6 3. Bb5 a6 4. Ba4 b5 5. Bb3 Na5 6. O-O d6 7. d4 exd4 8. Nxd4 Bb7 9. Nf5 g6 10. Ng3 h5 11. Re1 h4 12. Nf1 Nxb3 13. axb3 h3 14. g3 Bg7 15. Nc3 Ne7 16. Bg5 f6 17. Be3 Qd7 18. b4 O-O-O 19. Bd4 Nc6 20. Ne3 Nxb4 21. Ncd5 Nxd5 22. exd5 f5 23. Bxg7 Qxg7 24. c4 Rhe8 25. cxb5 axb5 26. Ra7 Qxb2 27. Qd3 Re5 28. Ra5 Rde8 29. Qf1 b4 30. Rb5 Ba6 31. Rb8+ Kxb8 32. Qxa6 Qa3 33. Qb5+ Kc8 34. Rc1 Rxe3 35. Rxc7+ Kxc7 36. Qc6+ Kb8 37. Qb6+ Ka8 38. Qc6+ Ka7 39. Qc7+ Ka6 40. Qc6+ Ka5 41. Qc7+ Ka4 42. Qc2+ Qb3 43. Qc6+ Ka3 44. Qa6+ Kb2 0-1


[Site "https://www.chess.com"]

[Event "Titled Tuesday Blitz February 14 Early 2023"]
[White "Yeletsky, Ivan"]
[Black "Hansen, Sune Berg"]
[WhiteFideId "24180327"]
[BlackFideId "1400266"]
[WhiteElo "2494"]
[BlackElo "2517"]
[Result "1-0"]
[Round "08"]
[TimeControl "180+2"]
[Date "2023.02.14"]
[WhiteClock "0:00:36"]
[BlackClock "0:00:18"]

1. e4 e5 2. Nf3 Nc6 3. Bb5 a6 4. Ba4 Nf6 5. d3 d6 6. c3 g6 7. Bg5 Bg7 8. Nbd2 h6 9. Bh4 O-O 10. Nf1 d5 11. Qe2 b5 12. Bb3 Be6 13. Ne3 d4 14. Bxe6 fxe6 15. Nc2 dxc3 16. bxc3 Qd6 17. Bxf6 Rxf6 18. O-O Raf8 19. Nce1 Qa3 20. Qd2 Rd8 21. Rb1 Rf7 22. Nc2 Qc5 23. Nb4 Nb8 24. d4 Qc4 25. Nd3 Nc6 26. Nb2 Qxa2 27. Ra1 Qb3 28. Rxa6 Nb8 29. Ra8 b4 30. cxb4 exd4 31. Nd3 Rff8 32. Nc5 1-0


[Site "https://www.chess.com"]

[Event "Titled Tuesday Blitz February 14 Early 2023"]
[White "Sokolovsky, Yahli"]
[Black "Grigoriants, Sergey"]
[WhiteFideId "2820242"]
[BlackFideId "4130804"]
[WhiteElo "2461"]
[BlackElo "2562"]
[Result "0-1"]
[Round "08"]
[TimeControl "180+2"]
[Date "2023.02.14"]
[WhiteClock "0:00:01"]
[BlackClock "0:00:06"]

1. b3 d5 2. e3 Bf5 3. Bb2 e6 4. d4 Nf6 5. Bd3 Bd6 6. Bxf5 exf5 7. Qd3 Qd7 8. Ba3 Bxa3 9. Nxa3 O-O 10. Nf3 g6 11. Ne5 Qe7 12. Nb1 Nbd7 13. Nxd7 Qxd7 14. Nd2 Rfe8 15. O-O Ne4 16. c4 Rad8 17. cxd5 Qxd5 18. Nxe4 Rxe4 19. Rac1 c6 20. Qc4 f4 21. Qxd5 Rxd5 22. Rfe1 fxe3 23. fxe3 f5 24. g3 Kf7 25. Kf2 g5 26. Kf3 Ke6 27. Red1 h5 28. Rd2 h4 29. Rdc2 Kf6 30. Rc5 Rd7 31. b4 Rde7 32. R1c3 hxg3 33. hxg3 g4+ 34. Kf2 Rh7 35. Kg2 Rhe7 36. Ra5 Rxe3 37. Rxe3 Rxe3 38. Rxa7 b5 39. Rc7 Re2+ 40. Kf1 Rc2 41. d5 Ke5 42. Rxc6 Rxc6 43. dxc6 Kd6 44. Ke2 Kxc6 45. Ke3 Kd5 46. Kd3 Ke5 47. Ke3 Kd5 48. Kd3 Ke6 49. Kd4 Kd6 50. Ke3 Ke5 51. a3 f4+ 52. gxf4+ Kf5 53. a4 bxa4 54. b5 a3 55. b6 a2 56. b7 a1=Q 57. b8=Q Qe1+ 58. Kd3 Qe4+ 59. Kc3 g3 60. Qf8+ Kg4 61. Qg7+ Kf3 62. f5 g2 63. f6 Qe3+ 64. Kc4 g1=Q 65. Qb7+ Qe4+ 66. Qxe4+ Kxe4 0-1


[Site "https://www.chess.com"]

[Event "Titled Tuesday Blitz February 14 Early 2023"]
[White "Pantsulaia, Levan"]
[Black "Klabis, Rokas"]
[WhiteFideId "13602071"]
[BlackFideId "12805246"]
[WhiteElo "2570"]
[BlackElo "2415"]
[Result "1-0"]
[Round "08"]
[TimeControl "180+2"]
[Date "2023.02.14"]
[WhiteClock "0:00:23"]
[BlackClock "0:00:17"]

1. Nf3 Nf6 2. g3 e6 3. Bg2 d5 4. O-O Be7 5. c4 O-O 6. b3 d4 7. e3 c5 8. exd4 cxd4 9. d3 Nc6 10. Na3 a6 11. Nc2 e5 12. Re1 Nd7 13. Rb1 f6 14. b4 Re8 15. Nh4 Nf8 16. f4 Bd6 17. f5 Qe7 18. Bd5+ Kh8 19. Qh5 g5 20. fxg6 Be6 21. Bxe6 Qxe6 22. Bh6 hxg6 23. Nxg6+ Nxg6 24. Qxg6 Rg8 25. Qh5 Qg4 26. Qxg4 Rxg4 27. Bd2 f5 28. a4 f4 29. Re4 Rag8 30. Kg2 Ne7 31. c5 Nf5 32. cxd6 Nxg3 33. Kf3 Nxe4 34. Kxe4 Rg2 35. Nxd4 Rxd2 36. Ne6 f3 37. d7 f2 38. Rf1 Rb2 39. d8=Q Rxd8 40. Nxd8 Rxb4+ 41. Kxe5 Rxa4 42. Rxf2 1-0


[Site "https://www.chess.com"]

[Event "Titled Tuesday Blitz February 14 Early 2023"]
[White "Papasimakopoulos, Alexandros"]
[Black "Avinash, Ramesh"]
[WhiteFideId "4244125"]
[BlackFideId "45018340"]
[WhiteElo "2401"]
[BlackElo "2319"]
[Result "1-0"]
[Round "08"]
[TimeControl "180+2"]
[Date "2023.02.14"]
[WhiteClock "0:00:13"]
[BlackClock "0:00:12"]

1. d4 Nf6 2. c4 g6 3. Nc3 Bg7 4. Bg5 O-O 5. e3 d6 6. Be2 Nbd7 7. Nf3 e5 8. O-O h6 9. Bh4 g5 10. Bg3 Nh5 11. dxe5 Nxg3 12. hxg3 Nxe5 13. Nxe5 dxe5 14. g4 c6 15. Ne4 Qe7 16. Qd6 Qxd6 17. Nxd6 Rd8 18. Rfd1 Bf8 19. c5 Be6 20. b4 a5 21. b5 cxb5 22. Nxb5 Rdc8 23. Nd6 Rxc5 24. Nxb7 Rc2 25. Bf3 Ra7 26. a4 Kg7 27. Nd6 Bxd6 28. Rxd6 Rac7 29. Ra6 R7c5 30. Rb1 R2c4 31. Rb5 Rxb5 32. axb5 a4 33. b6 Rb4 34. b7 Bxg4 35. Bxg4 Rxb7 36. Rxa4 f6 37. Bf5 h5 38. Ra8 h4 39. Kh2 Rc7 40. f3 Rb7 41. Kh3 Rb2 42. Ra7+ Kf8 43. Bg6 Kg8 44. e4 Rd2 45. Rf7 Rd6 46. Bh5 Ra6 47. Kg4 Ra2 48. Kh3 Ra6 49. Rb7 Kf8 50. Kg4 Ra2 51. Kf5 Ra6 52. Rf7+ Kg8 53. Rxf6 Ra2 54. Rg6+ Kh7 55. Rxg5 Kh6 56. Bf7 h3 57. gxh3 Ra7 58. Kf6 Ra6+ 59. Be6 Ra8 60. Rg4 Rf8+ 61. Bf7 Rxf7+ 62. Kxf7 Kh5 63. Kf6 Kh6 64. Rh4# 1-0


[Site "https://www.chess.com"]

[Event "Titled Tuesday Blitz February 14 Early 2023"]
[White "Weetik, Vjacheslav"]
[Black "Pakleza, Zbigniew"]
[WhiteFideId "4153472"]
[BlackFideId "1119290"]
[WhiteElo "2423"]
[BlackElo "2494"]
[Result "0-1"]
[Round "08"]
[TimeControl "180+2"]
[Date "2023.02.14"]
[WhiteClock "0:00:06"]
[BlackClock "0:00:07"]

1. d4 d6 2. e4 Nf6 3. Nc3 c6 4. Nf3 Bg4 5. Be2 e6 6. O-O Be7 7. Ng5 Bxe2 8. Qxe2 h6 9. Nh3 d5 10. e5 Nfd7 11. Qg4 g6 12. Nf4 h5 13. Qh3 Nf8 14. Be3 Nbd7 15. a4 Qb6 16. a5 Qxb2 17. Nce2 Qxc2 18. a6 bxa6 19. Rfc1 Qb2 20. Nc3 Qb7 21. Rab1 Nb6 22. Na4 Qc7 23. Nc5 Qc8 24. Nfd3 a5 25. Qg3 Nc4 26. Bg5 Rb8 27. Bxe7 Kxe7 28. Qg5+ Ke8 29. Qf6 Rg8 30. h4 Nb6 31. Qg5 Qd8 32. Qg3 Qc8 33. Ra1 a4 34. Nxa4 Nxa4 35. Rxa4 a6 36. Ra2 Nd7 37. Rac2 Rb6 38. Nf4 Qb7 39. Nxh5 Kd8 40. Nf4 Kc7 41. Qg5 Qc8 42. Qe7 Qf8 43. Qg5 Rh8 44. g3 Qd8 45. Qg4 Qe7 46. Nd3 a5 47. Qf4 Ra8 48. Ra1 a4 49. Rca2 Rb3 50. Qd2 a3 51. Qc2 Rab8 52. Rxa3 Rxa3 53. Rc1 Ra6 54. Qc3 Qa3 55. Qd2 Rb3 56. Rd1 Rxd3 57. Qxd3 Qxd3 58. Rxd3 Ra4 59. g4 Kd8 60. h5 gxh5 61. gxh5 Ke7 62. h6 Ra8 63. Rh3 Rh8 64. Kf1 c5 65. dxc5 Nxe5 0-1


[Site "https://www.chess.com"]

[Event "Titled Tuesday Blitz February 14 Early 2023"]
[White "Iskusnyh, Sergei"]
[Black "Vasquez Schroeder, Rodrigo"]
[WhiteFideId "4120027"]
[BlackFideId "3400042"]
[WhiteElo "2440"]
[BlackElo "2524"]
[Result "1-0"]
[Round "08"]
[TimeControl "180+2"]
[Date "2023.02.14"]
[WhiteClock "0:00:16"]
[BlackClock "0:00:22"]

1. d4 d5 2. c4 c6 3. Nf3 Nf6 4. e3 Bf5 5. Nc3 e6 6. Nh4 Bg6 7. Nxg6 hxg6 8. Bd2 Nbd7 9. Qb3 Qc7 10. cxd5 exd5 11. O-O-O O-O-O 12. Kb1 Rxh2 13. Rxh2 Qxh2 14. Rc1 Kb8 15. f3 Nb6 16. a4 Qc7 17. a5 Nc8 18. Na4 Nd6 19. Be1 Be7 20. Nc5 Ka8 21. Bg3 Qc8 22. Qa4 Nd7 23. Nb3 Nb8 24. a6 b5 25. Qa5 Qxa6 26. Qxa6 Nxa6 27. Rxc6 Kb7 28. Na5+ Ka8 29. Rxa6 Nc4 30. Nc6 Rd7 31. Bxc4 dxc4 32. Ra5 Kb7 33. Nxe7 Kb6 34. Nc6 Kxc6 35. Ra6+ Kb7 36. Rd6 Re7 37. e4 b4 38. d5 g5 39. Rc6 f5 40. Rxc4 a5 41. Bd6 1-0


[Site "https://www.chess.com"]

[Event "Titled Tuesday Blitz February 14 Early 2023"]
[White "Dobrikov, Marco"]
[Black "Orozbaev, Eldiar"]
[WhiteFideId "12950378"]
[BlackFideId "13802240"]
[WhiteElo "2269"]
[BlackElo "2235"]
[Result "0-1"]
[Round "08"]
[TimeControl "180+2"]
[Date "2023.02.14"]
[WhiteClock "0:01:44"]
[BlackClock "0:01:38"]

1. d4 Nf6 2. Bf4 c5 3. e3 e6 4. c3 Nc6 5. Nf3 d5 6. Be2 Bd6 7. Bxd6 Qxd6 8. Nbd2 O-O 9. O-O e5 10. dxe5 Nxe5 11. Nxe5 Qxe5 12. Nf3 Qc7 13. h3 Be6 14. Qc2 Rad8 15. Rad1 Rfe8 16. Bd3 a6 17. a4 b5 18. axb5 c4 19. Be2 axb5 20. Nd4 Qb6 21. Ra1 Ra8 22. Bf3 Nd7 23. b4 Ne5 24. Be2 Bd7 25. Ra2 Nc6 26. Rfa1 Nxd4 27. exd4 Rad8 28. Ra6 Qc7 29. Qd2 Re6 30. Ra7 Qd6 31. Bf3 Rde8 32. R1a6 Re1+ 33. Qxe1 Rxe1# 0-1


[Site "https://www.chess.com"]

[Event "Titled Tuesday Blitz February 14 Early 2023"]
[White "Galchenko, Matvey"]
[Black "Panesar Vedant"]
[WhiteFideId "24175480"]
[BlackFideId "35033018"]
[WhiteElo "2438"]
[BlackElo "2387"]
[Result "1-0"]
[Round "08"]
[TimeControl "180+2"]
[Date "2023.02.14"]
[WhiteClock "0:01:04"]
[BlackClock "0:00:22"]

1. e4 e5 2. Nf3 Nf6 3. d4 Nxe4 4. Bd3 d5 5. Nxe5 Nd7 6. Nxd7 Bxd7 7. O-O Bd6 8. Nc3 Nxc3 9. bxc3 O-O 10. Qh5 f5 11. Qf3 c6 12. Bf4 Qc7 13. Bxd6 Qxd6 14. a4 Rae8 15. Rfe1 b6 16. h4 f4 17. c4 Be6 18. Qh5 h6 19. Qg6 Re7 20. Re5 dxc4 21. Qh7+ Kf7 22. Bg6+ Kf6 23. Bh5 Ref7 24. Rae1 1-0


[Site "https://www.chess.com"]

[Event "Titled Tuesday Blitz February 14 Early 2023"]
[White "Shapiro, Viktor"]
[Black "Ahmadzada, Ahmad"]
[WhiteFideId "4175700"]
[BlackFideId "13413007"]
[WhiteElo "2192"]
[BlackElo "2488"]
[Result "0-1"]
[Round "08"]
[TimeControl "180+2"]
[Date "2023.02.14"]
[WhiteClock "0:00:24"]
[BlackClock "0:00:08"]

1. c4 Nf6 2. Nc3 g6 3. g3 Bg7 4. Bg2 O-O 5. Nf3 c5 6. O-O Nc6 7. d3 b6 8. a3 Bb7 9. Rb1 d5 10. cxd5 Nxd5 11. Nxd5 Qxd5 12. b4 cxb4 13. axb4 b5 14. Be3 Qd7 15. Bc5 Rfc8 16. d4 a5 17. bxa5 Nxa5 18. Qd3 Nc4 19. Rfd1 e5 20. Qb3 e4 21. Ne5 Bxe5 22. dxe5 Nd2 23. Qb4 Ra4 24. Qxb5 Qxb5 25. Rxb5 Ba6 26. Rb4 Bxe2 27. Rxa4 Bxd1 28. Rd4 Rxc5 29. Rxd2 Rc1 30. Bf1 Bf3 31. h3 h5 32. h4 Kf8 33. Ra2 Ke7 34. Rb2 Ke6 35. Rd2 Kxe5 36. Rb2 f6 37. Rd2 g5 38. hxg5 fxg5 39. Ra2 h4 40. gxh4 gxh4 41. Rb2 Kf4 42. Rb8 Be2 43. Rf8+ Ke5 44. Re8+ Kf5 45. Rf8+ Kg6 46. Rf4 Bxf1 47. Kh2 Bd3 48. Rxh4 Kf5 49. Rh8 Rc3 50. Rf8+ Ke5 51. Kg3 Be2+ 52. Kg2 Bf3+ 53. Kh2 Rc1 54. Re8+ Kf5 55. Rf8+ Kg5 56. Rg8+ Kf6 57. Rf8+ Ke5 58. Re8+ Kd4 59. Rd8+ Kc3 60. Kg3 Rg1+ 61. Kf4 Rg2 62. Ke3 Rg1 63. Rc8+ Kb4 64. Rd8 Re1+ 65. Kf4 Re2 66. Kg3 Kc5 67. Rd7 Kc6 68. Rd8 Re1 69. Rd2 Rc1 70. Rd4 Rc5 71. Kf4 Rd5 72. Rc4+ Kd6 73. Ra4 Rd2 74. Ra6+ Kc7 75. Kg3 Rd6 76. Ra5 Kd7 77. Kf4 Rd2 78. Kg3 Ke6 79. Rb5 Rd5 80. Rb4 Ke5 81. Rb8 Kd4 82. Rb4+ Kd3 83. Kf4 Ke2 84. Rb2+ Rd2 85. Rxd2+ Kxd2 86. Kg3 Ke2 87. Kh2 Kxf2 88. Kh3 e3 89. Kh4 e2 0-1


[Site "https://www.chess.com"]

[Event "Titled Tuesday Blitz February 14 Early 2023"]
[White "Postny, Evgeny"]
[Black "Pinheiro, Iung Alicio de O."]
[WhiteFideId "2804344"]
[BlackFideId "2104350"]
[WhiteElo "2549"]
[BlackElo "2306"]
[Result "1/2-1/2"]
[Round "08"]
[TimeControl "180+2"]
[Date "2023.02.14"]
[WhiteClock "0:00:08"]
[BlackClock "0:00:10"]

1. e4 c5 2. Nf3 Nc6 3. Bb5 e5 4. O-O Bd6 5. a4 a6 6. Bc4 Nf6 7. d3 O-O 8. Bg5 Be7 9. Nc3 d6 10. Bxf6 Bxf6 11. h3 g6 12. Nd5 Bg7 13. c3 Be6 14. Qd2 h6 15. b4 cxb4 16. cxb4 Ne7 17. Qa2 Kh8 18. a5 Rc8 19. Rac1 Rc6 20. Rfd1 Kh7 21. Qb3 Bc8 22. Nb6 f5 23. Nxc8 Qxc8 24. Be6 Qc7 25. Rxc6 Nxc6 26. Rc1 Qe7 27. Bd5 fxe4 28. Bxe4 Nd4 29. Nxd4 exd4 30. Qd5 Rf7 31. Rc8 Be5 32. h4 Qf6 33. f3 h5 34. Re8 Qf4 35. Qe6 Qc1+ 36. Kf2 Qe3+ 37. Kf1 Qc1+ 38. Ke2 Qc2+ 39. Kf1 Qd1+ 40. Kf2 Qd2+ 41. Kf1 Qd1+ 42. Kf2 Qd2+ 43. Kf1 Qd1+ 1/2-1/2


[Site "https://www.chess.com"]

[Event "Titled Tuesday Blitz February 14 Early 2023"]
[White "Melian, Juan Sebastian"]
[Black "Harsh Suresh"]
[WhiteFideId "3706575"]
[BlackFideId "45018464"]
[WhiteElo "2293"]
[BlackElo "2298"]
[Result "0-1"]
[Round "08"]
[TimeControl "180+2"]
[Date "2023.02.14"]
[WhiteClock "0:00:24"]
[BlackClock "0:00:05"]

1. d4 g6 2. c4 Bg7 3. Nc3 d6 4. e4 e5 5. Nge2 Nc6 6. Be3 exd4 7. Nxd4 Nge7 8. Be2 O-O 9. O-O Nxd4 10. Bxd4 Bxd4 11. Qxd4 Nc6 12. Qd2 Be6 13. Rac1 Re8 14. f4 f6 15. Bd3 Bf7 16. Rce1 Qd7 17. Nd5 Kg7 18. Qc3 Bxd5 19. cxd5 Ne7 20. Bc4 c6 21. e5 Nxd5 22. Bxd5 cxd5 23. exf6+ Kf7 24. Qd4 Qc6 25. Kh1 Qc5 26. Qa4 b5 27. Qa6 Rxe1 28. Qb7+ Kxf6 29. Rxe1 Re8 30. Rg1 Re7 31. Qb8 Kg7 32. h3 Rf7 33. Rf1 Qc4 34. Re1 Qxf4 35. Qxb5 d4 36. Qd5 h5 37. Rd1 Qe5 38. Qxd4 Rf1+ 0-1


[Site "https://www.chess.com"]

[Event "Titled Tuesday Blitz February 14 Early 2023"]
[White "Beerdsen, Thomas"]
[Black "Reprintsev, Alexander"]
[WhiteFideId "1030108"]
[BlackFideId "14100541"]
[WhiteElo "2507"]
[BlackElo "2253"]
[Result "1-0"]
[Round "08"]
[TimeControl "180+2"]
[Date "2023.02.14"]
[WhiteClock "0:00:21"]
[BlackClock "0:00:01"]

1. e4 d5 2. exd5 Qxd5 3. Nc3 Qa5 4. b4 Qxb4 5. Rb1 Qd6 6. Nf3 Nf6 7. d4 a6 8. a4 e6 9. Bd3 Be7 10. O-O Nc6 11. Re1 b6 12. Ne5 Bb7 13. Qf3 O-O 14. Qh3 Qxd4 15. Bg5 g6 16. Nxc6 Bxc6 17. Ne2 Qd5 18. Bh6 Rfd8 19. Nf4 Qd4 20. Nxe6 fxe6 21. Qxe6+ Kh8 22. Qxe7 Rd7 23. Bg7+ Kg8 24. Qxf6 Qxf6 25. Bxf6 Bxa4 26. Re3 Bc6 27. Rbe1 b5 28. Bg5 Bd5 29. Bh6 Kf7 30. Re5 c6 31. f4 a5 32. f5 gxf5 33. Rxf5+ Kg8 34. Ref1 Bf7 35. Be4 Rc8 36. Rf6 c5 37. Bf5 Rcd8 38. Bxd7 Rxd7 39. Re6 Rd8 40. Re7 Bg6 41. Rg7+ Kh8 42. Rd7 Re8 43. Rf8+ 1-0


[Site "https://www.chess.com"]